 Dungeon Crawl Stone Soup version 0.27-a0-1084-g78b3836a5f (webtiles) character file.

Game seed: 4896981549519081872

177 karkarkar the Conjurer (level 5, -11/28 HPs)
             Began as a Deep Elf Conjurer on Apr 26, 2021.
             Killed by nerve-wracking pain
             ... invoked by an orc priest
              (14 damage)
             ... on level 3 of the Dungeon.
             The game lasted 00:25:03 (2357 turns).

karkarkar the Conjurer (Deep Elf Conjurer)          Turns: 2357, Time: 00:25:03

Health: -11/28     AC:  4    Str:  4    XL:     5   Next: 31%
Magic:  12/13      EV: 11    Int: 24    God:
Gold:   93         SH:  0    Dex: 13    Spells: 9/12 levels left

rFire    . . .     SeeInvis .   c - +1 long sword (holy)
rCold    . . .     Faith    .   (no shield)
rNeg     . . .     Spirit   .   l - +0 leather armour
rPois    .         Reflect  .   j - +0 helmet
rElec    .         Harm     .   (no cloak)
rCorr    .         Rampage  .   (no gloves)
Will     .....                  (no boots)
Stlth    ++........             g - amulet of magic regeneration
HPRegen  0.09/turn              i - ring of wizardry
MPRegen  0.38/turn              (no ring)

@: brilliant
A: no striking features
a: no special abilities


You were on level 3 of the Dungeon.
You visited 1 branch of the dungeon, and saw 3 of its levels.

You collected 93 gold pieces.

Inventory:

Hand Weapons
 c - a +1 long sword of holy wrath (weapon)
Missiles
 b - 21 poisoned darts
Armour
 j - a +0 helmet (worn)
 l - a +0 leather armour (worn)
Jewellery
 g - an amulet of magic regeneration (around neck)
 i - a ring of wizardry (left hand)
Wands
 a - a wand of iceblast (9)
Scrolls
 d - 2 scrolls of identify {unknown}
 e - a scroll of vulnerability
 k - a scroll of teleportation {unknown}
 m - a scroll of fog {unknown}
Potions
 h - a potion of mutation {unknown}


   Skills:
 + Level 2.7 Dodging
 + Level 3.0 Stealth
 + Level 4.2 Spellcasting
 + Level 6.5 Conjurations


You had 9 spell levels left.
You knew the following spells:

 Your Spells              Type           Power      Damage    Failure   Level
a - Magic Dart            Conj           100%       1d8       1%          1
b - Searing Ray           Conj           100%       3d7       1%          2

Your spell library contained the following spells:

 Spells                   Type           Power      Damage    Failure   Level
 Dazzling Flash           Conj/Hex       62%        N/A       5%          3
 Fulminant Prism          Conj/Hex       15%        3d11      17%         4
 Iskenderun's Mystic Bla  Conj/Tloc      31%        2d8       17%         4


Dungeon Overview and Level Annotations

Branches:
Dungeon (3/15)

Altars:


Message History

a +0 dagger; a +0 chain mail; a goblin corpse An endoplasm comes into view.
The magic dart hits the endoplasm.
The endoplasm is moderately wounded.
The magic dart hits the endoplasm.
The endoplasm is heavily wounded.
The magic dart hits the endoplasm but does no damage.
The endoplasm is heavily wounded.
The magic dart hits the endoplasm.
You kill the endoplasm!
Found a flail.
Found an escape hatch in the floor.
Found 11 gold pieces.
You see here a +0 flail.
You now have 93 gold pieces (gained 11). 3 orcs and an orc priest come into view.
An orc is wielding a +0 trident and quivering boomerangs of dispersal.
Found 6 gold pieces.
The orc priest mumbles some strange prayers to Beogh against you.
Pain shoots through your body!
The orc shouts!
Press: ? - help, v - describe, . - travel The floor.
The searing ray hits the orc priest.
The orc priest is lightly wounded.
The searing ray hits the bush!
The bush is lightly damaged. (Press . to maintain the ray.)
The orc shouts!
You hear a shout!
The orc priest mumbles some strange prayers to Beogh against you.
Beogh smites you!
* * * LOW HITPOINT WARNING * * *
Okay, then.
Okay, then.
It was a potion of brilliance.
You feel clever all of a sudden.
The orc priest calls down the wrath of Beogh upon you.
Pain shoots through your body!
Ouch! That really hurt!
You die...

#.##♣♣..♣♣ #)# ..>..♣♣♣♣
#.# ..#### #.# ### #.#
##### #.# ....# #.#
###.### #.# #.....# #.#
#...(.##### #@#
♣♣........# #.♣
P♣.♣.♣###.######o♣♣♣.♣##
≈..♣.♣.........#.o..o.o#
≈≈#♣.♣###.####.##♣♣P$♣.#
♣♣#♣.♣ #...##.# ♣♣ ♣.♣
###.##.# ##♣.♣#####.##.#
#.♣.♣.........#


You could see an orc priest and an orc.

Vanquished Creatures
  2 orc priests (D:3)
  Robin (D:2)
  3 adders
  A gnoll (D:1)
  3 worms
  A dart slug (D:3)
  8 orcs (D:3)
  2 ball pythons
  4 endoplasms
  A giant cockroach (D:1)
  12 goblins
  4 hobgoblins
  2 kobolds
  2 quokkas
  A frilled lizard (D:2)
  3 rats
50 creatures vanquished.

Vanquished Creatures (others)
  7 plants
7 creatures vanquished.

Grand Total: 57 creatures vanquished

Notes
Turn   | Place    | Note
-------+----------+-------------------------------------------
     0 | D:1      | karkarkar the Deep Elf Conjurer began the quest for the
                  | Orb.
     0 | D:1      | Reached XP level 1. HP: 10/10 MP: 6/6
   648 | D:1      | Reached skill level 5 in Conjurations
   648 | D:1      | Reached XP level 2. HP: 15/15 MP: 5/8
   860 | D:2      | Reached XP level 3. HP: 19/19 MP: 6/9
   912 | D:2      | Found a faded altar of an unknown god.
  1016 | D:2      | Noticed Robin
  1029 | D:2      | Learned a level 2 spell: Searing Ray
  1038 | D:2      | Killed Robin
  1301 | D:2      | Reached XP level 4. HP: 24/24 MP: 6/11
  1581 | D:3      | Reached skill level 6 in Conjurations
  1922 | D:3      | Reached XP level 5. HP: 28/28 MP: 10/13
  2357 | D:3      | Killed from afar by an orc priest

Illustrated notes

Levels and vault maps discovered:
D:1:      roderic_crossed_star, layout_basic, hex_large, serial_bayou_pond_d
D:2:      layout_basic, ebering_ecumenical_altar_box, uniq_robin
D:3:      layout_loops_ring, serial_forest, infiniplex_forest_clump_double,
          infiniplex_forest_end_2, infiniplex_forest_straight_3,
          infiniplex_forest_straight_4, infiniplex_forest_lined_3_way,
          infiniplex_forest_end_3, infiniplex_forest_lined_ring,
          roderic_batcave, serial_bayou_crossing

Skill      XL: |  1  2  3  4  5 |
---------------+----------------+-----
Conjurations   | 5 6 |  6.5
Spellcasting   | 4 |  4.2
Stealth        | 3 |  3.0
Dodging        | |  2.7

Action                   |  1- 3 |  4- 6 || total
-------------------------+-------+-------++-------
 Cast: Magic Dart        |    61 |    26 ||    87
       Searing Ray       |     3 |    12 ||    15
  Use: Scroll            |       |     1 ||     1
       Potion            |       |     1 ||     1
Armor: Robe              |     1 |       ||     1
       Leather armour    |       |     1 ||     1
Dodge: Dodged            |     6 |     2 ||     8

Table legend: (Time is in decaauts)
 A = Elapsed time spent in this place.
 B = Non-inter-level travel time spent in this place.
 C = Inter-level travel time spent in this place.
 D = Time resting spent in this place.
 E = Time spent auto-exploring this place.
 F = Levels seen in this place.
 G = Mean time per level.
                   A        B        C        D        E       F      G
               +--------+--------+--------+--------+--------+-----+--------+
         Total |   2364 |   2363 |      1 |    121 |   1564 |   3 |  788.0 |
       Dungeon |   2364 |   2363 |      1 |    121 |   1564 |   3 |  788.0 |
               +--------+--------+--------+--------+--------+-----+--------+

Top non-repeatable levels by time:
     D:2: 994 daAuts
     D:3: 688 daAuts
     D:1: 680 daAuts
